 Dungeon Crawl Stone Soup version 0.29-a0-219-g0a02b1cf4f (webtiles) character file.

Game seed: 6257150534175799194

94827 fragbeetle the Sharpshooter (level 16, -3/90 HPs)
             Began as a Tengu Hunter on Feb 25, 2022.
             Was a High Priest of Hepliaklqana.
             Slain by a fenstrider witch (13 damage)
             ... while paralysed by a fenstrider witch
             ... on level 2 of the Swamp.
             The game lasted 01:30:51 (29110 turns).

fragbeetle the Sharpshooter (Tengu Hunter)         Turns: 29110, Time: 01:30:52

Health: -3/90      AC: 19    Str: 12    XL:     16   Next: 12%
Magic:  24/24      EV:  2    Int: 12    God:    Hepliaklqana [*****.]
Gold:   2586       SH:  0    Dex: 28    Spells: 15/25 levels left

rFire   . . .      SeeInvis .   a - +5 arbalest "Ficylaof" {elec, Dex+2}
rCold   . . .      Faith    .   (shield currently unavailable)
rNeg    + . .      Spirit   .   S - +0 acid dragon scales
rPois   +          Reflect  .   E - +1 hat
rElec   .          Harm     .   R - +1 cloak of the Eternal Void {rN+}
rCorr   +          Rampage  .   Q - +2 pair of gloves {Dex+3}
Will    +....                   (boots unavailable)
Stlth   ++........              l - amulet of the acrobat
HPRegen 0.25/turn               d - +4 ring of protection
MPRegen 0.19/turn               i - ring of poison resistance

@: paralysed, flying quickly and evasively, quick
A: reduced essence, beak, talons 3, nimble flight
a: Renounce Religion, Recall Ancestor, Ancestor Identity, Transference, Idealise


You were on level 2 of the Swamp.
You worshipped Hepliaklqana.
Hepliaklqana was extremely pleased with you.
You visited 5 branches of the dungeon, and saw 26 of its levels.
You also visited: Bailey.

You collected 3729 gold pieces.
You spent 1143 gold pieces at shops.

Inventory:

Hand Weapons
 a - the +5 arbalest "Ficylaof" (weapon) {elec, Dex+2}
   (You acquired it on level 1 of the Lair of Beasts)

   Any ammunition fired from it occasionally discharges a powerful burst of
   electricity upon striking a foe.
   Dex:       It affects your dexterity (+2).
Missiles
 g - 2 curare-tipped darts
 s - 11 throwing nets
 B - 54 poisoned darts
Armour
 j - the +1 robe of Tartarus {Dex+4}
   (You found it on level 1 of the Lair of Beasts)

   Dex:       It affects your dexterity (+4).
 E - a +1 hat (worn)
 Q - a +2 pair of gloves of dexterity (worn)
 R - the +1 cloak of the Eternal Void (worn) {rN+}
   (You bought it in a shop on level 14 of the Dungeon)

   rN:        It protects you from negative energy.
 S - +0 acid dragon scales (worn)
Jewellery
 d - a +4 ring of protection (left hand)
 i - a ring of poison resistance (right hand)
 k - a ring of see invisible
 l - an amulet of the acrobat (around neck)
 m - the ring of Dithmenos's Hope {rElec rN+ Will+}
   (You bought it in a shop on level 2 of the Orcish Mines)

   [ring of willpower]

   rElec:     It insulates you from electricity.
   rN:        It protects you from negative energy.
   Will:      It increases your willpower.
 L - a +4 ring of evasion
 U - an amulet of guardian spirit
 V - a +4 ring of evasion
Wands
 b - a wand of mindburst (6)
 x - a wand of iceblast (7)
 y - a wand of flame (38)
 C - a wand of polymorph (4)
 H - a wand of charming (25)
 K - a wand of paralysis (9)
Scrolls
 c - 3 scrolls of blinking
 e - a scroll of summoning
 f - 4 scrolls of fog
 q - 3 scrolls of magic mapping
 t - 2 scrolls of holy word
 u - 2 scrolls of vulnerability
 N - 8 scrolls of teleportation
Potions
 h - a potion of resistance
 o - 3 potions of invisibility
 p - 8 potions of heal wounds
 w - a potion of mutation
 z - 9 potions of curing
 A - 3 potions of might
 D - 2 potions of brilliance
 F - a potion of lignification {unknown}
 J - 5 potions of attraction
 W - 6 potions of haste
 Y - a potion of ambrosia {unknown}
Miscellaneous
 n - a lightning rod (4/4)
 I - a phial of floods
 O - a phantom mirror
 T - a condenser vane


   Skills:
 + Level 11.4 Fighting
 - Level 16.0 Crossbows
 - Level 8.6 Armour
 - Level 10.0 Dodging
 - Level 1.0 Stealth
 - Level 5.0 Spellcasting
 - Level 10.0 Summonings
 - Level 10.0 Air Magic
 - Level 10.0 Invocations
 - Level 10.0 Evocations


You had 15 spell levels left.
You knew the following spells:

 Your Spells              Type           Power      Damage    Failure   Level
a - Inner Flame           Hex/Fire       3%         N/A       63%         3
b - Swiftness             Air            27%        N/A       1%          3
c - Summon Lightning Spi  Summ/Air       27%        N/A       4%          4

Your spell library contained the following spells:

 Spells                   Type           Power      Damage    Failure   Level
 Shock                    Conj/Air       60%        1d6       3%          1
 Airstrike                Air            13%        N/A       4%          4
 Corpse Rot               Necr/Air       30%        N/A       5%          2
 Poisonous Vapours        Pois/Air       30%        N/A       5%          2
 Animate Skeleton         Necr           6%         N/A       28%         1
 Foxfire                  Conj/Fire      12%        2x1d4     28%         1
 Pain                     Necr           12%        1d4       28%         1
 Sandblast                Erth           6%         2d5       28%         1
 Animate Armour           Summ/Erth      30%        N/A       34%         4
 Ensorcelled Hibernation  Hex/Ice        6%         N/A       38%         2
 Passwall                 Tmut/Erth      2%         N/A       38%         2
 Conjure Flame            Conj/Fire      3%         6-21      63%         3
 Stone Arrow              Conj/Erth      6%         3d7       63%         3
 Vampiric Draining        Necr           3%         2d6       63%         3
 Lightning Bolt           Conj/Air       7%         1d20      69%         5
 Flame Wave               Conj/Fire      3%         2d4       95%         4
 Hailstorm                Conj/Ice       3%         3d3       95%         4
 Ice Form                 Ice/Tmut       3%         N/A       95%         4
 Alistair's Intoxication  Tmut/Pois      2%         N/A       100%        5
 Blade Hands              Tmut           1%         N/A       100%        5
 Borgnjor's Vile Clutch   Necr/Erth      1%         N/A       100%        5
 Iskenderun's Battlesphe  Conj           3%         2d6       100%        5
 Eringya's Noxious Bog    Tmut/Pois      1%         N/A       100%        6
 Iron Shot                Conj/Erth      1%         9d1       100%        6
 Simulacrum               Ice/Necr       1%         N/A       100%        6
 Spellforged Servitor     Conj/Summ      7%         N/A       100%        7


Dungeon Overview and Level Annotations

Branches:
Dungeon (15/15)            Temple (1/1) D:7            Lair (6/6) D:11
  Swamp (2/4) Lair:2        Snake (0/4) Lair:4        Slime (0/5) Lair:5
    Orc (2/2) D:11            Elf (0/3) Orc:2        Vaults (0/5) D:13
 Depths (0/4) D:15         Bailey (visited)

Altars:
Ashenzari
Cheibriados
Dithmenos
Elyvilon
Fedhas
Gozag
Hepliaklqana
Kikubaaqudgha
Makhleb
Nemelex Xobeh
Okawaru
Qazlal
Ru
Sif Muna
Trog
Uskayaw
Vehumet
Wu Jian
Xom
Yredelemnul
Zin
The Shining One
Beogh
Jiyva

Shops:
D:14 [   Orc:2 *[:(

Annotations:
D:9 1 runed translucent door, fragbeetle's ghost, novice MiHu
D:10 1 runed translucent door, frimble's ghost, journeyman GnIE
D:11 exclusions: two-headed ogre and 1 more exclusion, Lodul
D:15 exclusion: door
Lair:5 2 transporters, Vainiore's ghost, journeyman VSTm
Orc:2 exclusion: upstairs


Innate Abilities, Weirdness & Mutations

Your life essence is reduced to manifest your ancestor. (-10% HP)
You have a beak for a mouth.
You have claws for feet.
Your magical nature lets you fly swiftly and evasively.


Message History

The will-o-the-wisp is severely damaged.
The fenstrider witch casts a spell at you.
You suddenly lose the ability to move!
The fenstrider witch completely misses you.
The fenstrider witch kicks you but does no damage.
Garuda misses the will-o-the-wisp.
The will-o-the-wisp gestures.
The will-o-the-wisp conjures some foxfire! 2 foxfires come into view.
The foxfire hits Garuda!
Garuda resists.
The foxfire hits Garuda!
Garuda resists.
The fenstrider witch hits you but does no damage.
The fenstrider witch kicks you.
Garuda closely misses the will-o-the-wisp.
The fenstrider witch casts a spell at you.
Your body is wracked with pain!
The fenstrider witch casts a spell at you.
You shrug off the repeated paralysis!
An eight-headed hydra comes into view.
The fenstrider witch points at you and mumbles some strange words.
You shrug off the repeated paralysis!
The will-o-the-wisp completely misses you.
Garuda hits the will-o-the-wisp with a +0 broad axe of flaming.
Garuda burns the will-o-the-wisp.
Garuda barely misses the swamp worm.
Garuda misses the fenstrider witch.
The fenstrider witch hits you!
* * * LOW HITPOINT WARNING * * *
The fenstrider witch kicks you.
* * * LOW HITPOINT WARNING * * *
The will-o-the-wisp engulfs you!
* * * LOW HITPOINT WARNING * * *
Garuda hits the will-o-the-wisp with a +0 broad axe of flaming!!
Garuda burns the will-o-the-wisp.
The will-o-the-wisp is destroyed!
Garuda closely misses the fenstrider witch.
The fenstrider witch hits you but does no damage.
The fenstrider witch kicks you!
You die...

♣≈§≈♣ ♣♣≈≈.≈≈ ♣♣≈≈.♣♣
♣.≈≈≈≈
♣.≈≈..♣♣♣♣♣♣♣♣♣♣♣♣♣♣♣≈.≈♣
♣♣..♣.≈♣≈..≈≈≈.≈.≈.≈.≈≈.♣
♣.÷..≈≈≈≈≈≈≈≈.♣♣.≈≈≈≈≈≈.♣
♣.<♣.<§≈≈.≈≈≈≈♣♣.≈≈≈≈≈≈≈♣
♣).♣♣.§≈≈≈≈≈≈.†≈.≈≈♣≈†♣.♣
♣♣R♣♣♣..≈≈.♣≈≈≈.≈)...♣≈≈≈♣
♣♣≈≈♣♣♣♣.≈@.§≈≈≈.♣§≈§.≈.≈.≈
♣♣♣♣♣♣♣≈.≈≈♣
♣.≈♣HR.≈≈≈♣≈≈♣≈≈≈≈≈§
♣...♣♣.≈≈..♣
♣♣≈..≈.≈...≈≈≈≈≈≈...
♣♣♣.≈≈.≈.≈≈♣♣
♣≈.≈≈.≈≈§.≈≈≈!...≈≈
♣♣.....≈..♣
♣♣.≈..≈≈≈.♣.≈.≈≈.≈≈
♣♣..♣^...♣
♣≈≈≈§≈≈≈≈≈≈.≈≈≈|§
♣.♣≈≈≈..♣♣ ♣≈≈≈♣.≈D.≈
♣♣♣♣.≈.≈.♣ ♣....$≈≈.≈
♣.≈♣≈.♣ ♣.♣♣♣...≈≈


You could see the friendly Garuda the knight, an eight-headed hydra and a
fenstrider witch.

Vanquished Creatures
  Gastronok (Lair:2)
  A tengu reaver (D:14)
  An eleionoma (Swamp:1)
  An ettin (D:14)
  3 hydras
  A rakshasa (D:14)
  7 vault guards
  A merfolk avatar (Lair:6)
  3 boulder beetles
  A catoblepas (D:14)
  3 centaur warriors
  A two-headed ogre (D:12)
  3 alligators
  3 death yaks (Lair:6)
  An orc high priest (Orc:2)
  A spriggan berserker (Swamp:1)
  A spriggan druid (Swamp:2)
  2 wizards
  A bog body (Swamp:2)
  2 orc knights (Orc:2)
  A harpy (Lair:6)
  A wolf spider (D:15)
  4 orc sorcerers
  4 cyclopes
  8 ugly things
  3 manticores
  3 black mambas
  11 elephants
  2 rime drakes (Lair:2)
  6 cane toads
  2 kobold demonologists
  9 komodo dragons
  A yaktaur (D:15)
  A troll (D:14)
  2 freezing wraiths (D:15)
  A queen bee (shapeshifter) (D:15)
  2 polar bears
  2 meliai (D:15)
  5 tyrant leeches
  2 hornets (Lair:6)
  A raiju (shapeshifter) (D:14)
  A snapping turtle (Lair:6)
  A blink frog (Lair:6)
  A centaur simulacrum (D:14)
  18 yaks
  2 spriggans (Swamp:1)
  A wraith (D:9)
  A shadow (D:10)
  Grum (Bailey)
  2 basilisks
  A golden eye (shapeshifter) (D:14)
  A steam dragon (Lair:6)
  9 swamp worms
  2 acid dragons
  3 nagas (Lair:4)
  2 wargs
  13 water moccasins
  A swamp drake (Swamp:2)
  2 black bears
  35 orc warriors
  A sky beast (D:5)
  A hornet zombie (D:4)
  11 centaurs
  2 boggarts (D:15)
  4 ogres
  14 wolves
  A phantom (D:4)
  8 bullfrogs
  4 scorpions
  5 gnoll sergeants
  A water moccasin zombie (D:6)
  A wyvern skeleton (D:5)
  A water moccasin skeleton (D:6)
  3 killer bees (D:8)
  4 howler monkeys
  A centaur zombie (D:9)
  2 hounds
  2 bullfrog skeletons
  A jelly (D:5)
  18 orc priests
  7 gnoll shamans
  5 hell rats (Lair:6)
  4 iguanas
  22 orc wizards
  2 killer bee zombies (D:7)
  A hound skeleton (D:5)
  48 gnolls
  2 howler monkey skeletons
  10 adders
  A white imp (D:5)
  An adder skeleton (D:4)
  4 dart slugs
  105 orcs
  6 ball pythons
  9 bats
  6 endoplasms
  6 goblins
  12 hobgoblins
  12 jackals
  6 quokkas
  5 frilled lizards
  31 kobolds
  6 rats
  A butterfly (Lair:3)
603 creatures vanquished.

Vanquished Creatures (collateral kills)
  A thorn hunter (Swamp:1)
  A tengu reaver (D:15)
  2 fire giants
  2 orc warlords (Orc:2)
  An eleionoma (Swamp:1)
  A bunyip (Swamp:1)
  2 boulder beetles
  2 hydras
  A centaur warrior (D:13)
  An alligator (Swamp:1)
  A tengu warrior (D:14)
  A two-headed ogre (D:13)
  3 orc high priests (Orc:2)
  A goliath frog (Swamp:1)
  A spriggan druid (Swamp:1)
  A glowing orange brain (D:14)
  A bog body (Swamp:1)
  An orc knight (Orc:2)
  A deep elf pyromancer (D:14)
  A manticore (Lair:6)
  An orc sorcerer (D:9)
  3 ugly things (D:15)
  A will-o-the-wisp (Swamp:2)
  2 elephants (Lair:6)
  2 cyclopes
  2 cane toads
  A black mamba (Lair:5)
  Maggie (D:9)
  2 komodo dragons (Lair:6)
  2 rime drakes (Lair:4)
  2 trolls
  4 meliai (D:15)
  3 hornets
  Grinder (D:4)
  5 tyrant leeches
  2 wyverns
  A spriggan (Swamp:1)
  A yak (shapeshifter) (D:14)
  2 basilisks
  2 wraiths
  17 yaks
  A steam dragon (D:10)
  A warg (Orc:1)
  7 water moccasins
  8 orc warriors
  A sky beast (D:6)
  9 wolves
  A centaur (D:10)
  4 kobold brigands
  8 bullfrogs
  6 gnoll sergeants
  2 howler monkeys (D:9)
  A jelly (D:8)
  2 centaur zombies
  A hound (Bailey)
  7 orc priests
  4 gnoll shamans
  7 orc wizards
  A hell rat (Lair:6)
  15 gnolls
  4 adders (Lair:3)
  A white imp (D:8)
  An ufetubus (D:7)
  12 orcs
  3 goblins
  A hobgoblin (D:10)
  3 kobolds
  2 butterflies
196 creatures vanquished.

Vanquished Creatures (others)
  A howler monkey (D:9)
  A gnoll shaman (D:9)
  8 knights
  3 ancestors
  6 foxfires (Swamp:2)
  77 fungi
  167 plants
263 creatures vanquished.

Grand Total: 1062 creatures vanquished

Notes
Turn   | Place    | Note
-------+----------+-------------------------------------------
     0 | D:1      | fragbeetle the Tengu Hunter began the quest for the Orb.
     0 | D:1      | Reached XP level 1. HP: 12/12 MP: 2/2
    48 | D:1      | Reached XP level 2. HP: 17/17 MP: 3/3
    95 | D:1      | Reached skill level 5 in Crossbows
   361 | D:1      | Reached XP level 3. HP: 21/21 MP: 4/4
   522 | D:1      | Found a faded altar of an unknown god.
  1448 | D:2      | Reached skill level 6 in Crossbows
  1559 | D:2      | Reached XP level 4. HP: 22/26 MP: 5/5
  2118 | D:3      | Gained mutation: Your magical nature lets you fly swiftly
                  | and evasively. [Tengu growth]
  2118 | D:3      | Reached XP level 5. HP: 30/30 MP: 6/6
  2131 | D:3      | Reached skill level 7 in Crossbows
  2246 | D:3      | Reached XP level 6. HP: 35/35 MP: 7/7
  2567 | D:3      | Reached skill level 8 in Crossbows
  3057 | D:3      | Reached skill level 9 in Crossbows
  3057 | D:3      | Reached XP level 7. HP: 21/40 MP: 8/8
  3428 | D:4      | Noticed Grinder
  3666 | D:4      | Found a shimmering altar of Xom.
  3965 | D:5      | Entered Level 5 of the Dungeon
  4253 | D:5      | Reached skill level 10 in Crossbows
  4547 | D:5      | Found a radiant altar of Vehumet.
  4548 | D:5      | Found an ornate altar of the Wu Jian Council.
  4647 | D:5      | Reached XP level 8. HP: 46/46 MP: 9/9
  4872 | D:5      | You are sucked into a shaft and drop 2 floors!
  4872 | D:7      | Found a staircase to the Ecumenical Temple.
  4889 | Temple   | Entered the Ecumenical Temple
  5347 | Temple   | Became a worshipper of Hepliaklqana the Forgotten
  6128 | D:7      | Reached skill level 5 in Dodging
  6376 | D:6      | Reached skill level 5 in Fighting
  7093 | D:5      | Reached XP level 9. HP: 54/54 MP: 10/10
  7964 | D:6      | Reached * piety under Hepliaklqana
  8264 | D:6      | Found a hide-covered altar of Uskayaw.
  8271 | D:6      | Found an iron altar of Okawaru.
  9825 | D:5      | Found a shimmering blue altar of Sif Muna.
  9825 | D:5      | Found a shadowy altar of Dithmenos.
  9922 | D:4      | Killed Grinder
 10060 | D:4      | Reached XP level 10. HP: 57/57 MP: 11/11
 10627 | D:8      | Reached ** piety under Hepliaklqana
 10628 | D:8      | Remembered your ancestor Garuda as a knight
 11190 | D:9      | Found a runed translucent door.
 11190 | D:9      | Noticed Maggie
 11207 | D:9      | Killed Maggie
 11255 | D:9      | Noticed a wizard
 11261 | D:9      | Killed a wizard
 11262 | D:9      | Reached skill level 10 in Dodging
 11262 | D:9      | Noticed an orc sorcerer
 11266 | D:9      | Killed an orc sorcerer
 11280 | D:9      | Reached skill level 10 in Fighting
 11282 | D:9      | Identified the +2 pair of boots "Lohyel" {Str+4 Dex+7
                  | Slay+3}
 11297 | D:9      | Reached skill level 1 in Evocations
 11435 | D:9      | Learned a level 3 spell: Inner Flame
 11522 | D:9      | Noticed a purple ugly thing
 11523 | D:9      | Found a shimmering altar of Xom.
 11523 | D:9      | Noticed fragbeetle's ghost (novice MiHu)
 11542 | D:9      | Killed a purple ugly thing
 11681 | D:9      | Noticed a +2 hand axe of chaos
 11820 | D:9      | Reached *** piety under Hepliaklqana
 11983 | D:9      | Found a blossoming altar of Fedhas.
 12079 | D:10     | Entered Level 10 of the Dungeon
 12141 | D:10     | Found a runed translucent door.
 12146 | D:10     | Noticed frimble's ghost (journeyman GnIE)
 12146 | D:10     | Noticed a flayed ghost
 12165 | D:10     | Found a flagged portal.
 12180 | Bailey   | Entered a bailey
 12336 | Bailey   | Noticed Grum
 12344 | Bailey   | Reached skill level 5 in Evocations
 12349 | Bailey   | Reached XP level 11. HP: 64/64 MP: 12/12
 12402 | Bailey   | Killed Grum
 13627 | D:11     | Reached **** piety under Hepliaklqana
 13682 | D:11     | Noticed a boulder beetle
 13712 | D:11     | Killed a boulder beetle
 13781 | D:11     | Noticed a boulder beetle
 13804 | D:11     | Found a staircase to the Lair.
 13809 | D:11     | Reached skill level 10 in Evocations
 13812 | D:11     | Reached skill level 1 in Invocations
 13821 | D:11     | Killed a boulder beetle
 13859 | D:11     | Found a staircase to the Orcish Mines.
 14060 | D:11     | Noticed Lodul
 14060 | D:11     | Noticed a two-headed ogre
 14060 | D:11     | Noticed a two-headed ogre
 14259 | Lair:1   | Entered Level 1 of the Lair of Beasts
 14303 | Lair:1   | Identified the +1 robe of Tartarus {Dex+4}
 14478 | Lair:1   | Found a hide-covered altar of Uskayaw.
 14478 | Lair:1   | You are sucked into a shaft and drop 1 floor!
 14509 | Lair:2   | Noticed Gastronok
 14565 | Lair:1   | Reached XP level 12. HP: 56/69 MP: 13/16
 14778 | Lair:1   | Reached ***** piety under Hepliaklqana
 14964 | Lair:1   | Reached skill level 5 in Invocations
 15840 | Lair:1   | Identified 2 scrolls of acquirement
 15840 | Lair:1   | Acquired 821 gold pieces
 15842 | Lair:1   | Acquired the +5 arbalest "Ficylaof" {elec, Dex+2}
 16126 | Lair:2   | Reached skill level 11 in Crossbows
 16358 | Lair:2   | Noticed a seven-headed hydra
 16409 | Lair:2   | Reached skill level 12 in Crossbows
 16653 | Lair:2   | Noticed a seven-headed hydra
 16661 | Lair:2   | Killed a seven-headed hydra
 16720 | Lair:2   | Killed Gastronok
 16721 | Lair:2   | Reached skill level 13 in Crossbows
 16770 | Lair:2   | Found a staircase to the Swamp.
 16790 | Lair:2   | Killed a seven-headed hydra
 17315 | Lair:3   | Reached skill level 14 in Crossbows
 17443 | Lair:3   | Reached XP level 13. HP: 73/73 MP: 15/17
 17660 | Lair:4   | Reached skill level 15 in Crossbows
 17942 | Lair:4   | Found a staircase to the Snake Pit.
 18385 | Lair:4   | Reached skill level 16 in Crossbows
 18589 | Lair:5   | Found a transporter.
 18625 | Lair:5   | Identified the +1 leather armour of Sudo {rElec}
 18672 | Lair:5   | Found a transporter.
 18672 | Lair:5   | Noticed Vainiore's ghost (journeyman VSTm)
 18748 | Lair:5   | Learned a level 3 spell: Swiftness
 18826 | Lair:5   | Found a staircase to the Slime Pits.
 18827 | Lair:5   | Found a viscous altar of Jiyva.
 19214 | Lair:6   | Entered Level 6 of the Lair of Beasts
 20182 | Lair:6   | Reached XP level 14. HP: 79/79 MP: 20/22
 20278 | Lair:6   | Reached skill level 10 in Invocations
 20285 | Lair:6   | Reached skill level 1 in Armour
 20942 | Orc:1    | Entered Level 1 of the Orcish Mines
 21020 | Orc:2    | Entered Level 2 of the Orcish Mines
 21020 | Orc:2    | Found a staircase to the Elven Halls.
 21026 | Orc:2    | Noticed an orc warlord
 21035 | Orc:2    | Killed an orc warlord
 21518 | Orc:2    | Reached skill level 5 in Armour
 21575 | Orc:2    | Paralysed by an orc sorcerer for 2 turns
 21575 | Orc:2    | Noticed an orc warlord
 21586 | Orc:2    | Killed an orc warlord
 22333 | Orc:2    | Found Muakkiceuss's Antique Armour Shop.
 22363 | Orc:2    | Found Hecusan's General Store.
 22364 | Orc:2    | Found Vogaghept's Book Shop.
 22366 | Orc:2    | Found Onoal's Antique Weapon Boutique.
 22380 | Orc:2    | Bought a scroll of teleportation for 36 gold pieces
 22382 | Orc:2    | Bought the ring of Dithmenos's Hope {rElec rN+ Will+} for
                  | 518 gold pieces
 22391 | Orc:2    | Bought a book of Storms for 320 gold pieces
 22402 | Orc:2    | Learned a level 4 spell: Summon Lightning Spire
 22545 | Orc:2    | Reached skill level 1 in Air Magic
 22546 | Orc:2    | Reached skill level 1 in Summonings
 23274 | D:11     | Upgraded the game from 0.29-a0-214-g17f627cfee to
                  | 0.29-a0-219-g0a02b1cf4f
 24342 | D:13     | Reached skill level 5 in Air Magic
 24347 | D:13     | Reached skill level 5 in Summonings
 24820 | D:13     | Reached XP level 15. HP: 82/82 MP: 21/23
 25259 | D:13     | Found a gate to the Vaults.
 25677 | D:14     | Found a runed translucent door.
 25682 | D:14     | Noticed a fire giant
 25767 | D:14     | Found a broken altar of Ashenzari.
 26078 | D:14     | Found Alalic's Armour Shop.
 26083 | D:14     | Bought the +1 cloak of the Eternal Void {rN+} for 269 gold
                  | pieces
 26390 | D:14     | Noticed a tengu reaver
 26396 | D:14     | Killed a tengu reaver
 26399 | D:14     | Killed a fire giant
 26490 | D:15     | Entered Level 15 of the Dungeon
 26822 | D:15     | Found a staircase to the Depths.
 26822 | D:15     | Noticed a fire giant
 26833 | D:15     | Killed a fire giant
 27218 | D:15     | Noticed a tengu reaver
 27222 | D:15     | Killed a tengu reaver
 27223 | D:15     | Reached skill level 10 in Air Magic
 27497 | D:15     | Reached skill level 10 in Summonings
 27499 | D:15     | Reached skill level 1 in Spellcasting
 28025 | Swamp:1  | Entered Level 1 of the Swamp
 28525 | Swamp:1  | Reached skill level 5 in Spellcasting
 28573 | Swamp:1  | Noticed a thorn hunter
 28579 | Swamp:1  | Killed a thorn hunter
 28588 | Swamp:1  | Reached XP level 16. HP: 89/89 MP: 24/24
 29097 | Swamp:2  | Noticed a fenstrider witch
 29105 | Swamp:2  | Paralysed by a fenstrider witch for 6 turns
 29110 | Swamp:2  | Slain by a fenstrider witch

Illustrated notes

Levels and vault maps discovered:
D:1:      mrwooster_arrival_statue_3, layout_loops_ring,
          hellmonk_ecumenical_altar_blasted, minmay_pentomino_w4
D:2:      layout_basic, hangedman_decor_points
D:3:      lemuel_castle_with_subvaults [lemuel_castle_interior_carwin_3],
          layout_basic, hangedman_glass_teeth,
          wander_ebering_terrifying_dragon_lair
D:4:      layout_loops_ring, xom_teletrap_fun, uniq_grinder
D:5:      layout_basic, nicolae_overflow_hidden_temple
D:6:      layout_basic, minitemple
D:7:      layout_cave_pods, minmay_temple_entry_slanted,
          nicolae_underground_beach
D:8:      layout_layer_cave, minmay_misc_feat_pillars
D:9:      cheibrodos_wizards_tower, layout_cave_pools, kennysheep_mini,
          ebering_ghost_xom, uniq_maggie
D:10:     layout_long_grid, enter_bailey_4, ebering_ghost_inner_flame
D:11:     layout_roguey, due_lair_maze_entry_diamond, orc_0_dummy, uniq_lodul
D:12:     layout_stronghold
D:13:     layout_basic, erik_vaults_2
D:14:     layout_loops_cross, serial_shops, kennysheep_little_box,
          ashenzari_altar_1, minivault_13
D:15:     grunt_enter_depths_giant_problem, layout_basic, evilmike_minifort
Temple:   minmay_temple_curvy_branch
Lair:1:   layout_layer_cave, basic_altar
Lair:2:   layout_long_grid, minmay_swamp_entry_worms, lemuel_fruit_fields,
          uniq_gastronok
Lair:3:   minmay_lair_venomous_thicket, layout_misc_corridors, st_stairs_6,
          grunt_megastairs_2, lemuel_fruit_fields, infiniplex_staircase_pool
Lair:4:   layout_long_grid, guppyfry_snake_entry_island
Lair:5:   layout_roguey, slime_altar_1, gammafunk_ghost_arena
Lair:6:   gammafunk_lair_ancient_temple, layout_regular_city, grunt_megastairs_5
Swamp:1:  layout_falls_marsh, nicolae_swamp_some_circles, swamp_pool4
Swamp:2:  layout_falls_marsh, hangedman_swamp_diagram
Orc:1:    layout_caves
Orc:2:    st_orc_congregation, layout_caves, minmay_orc_temple_a

Skill      XL: |  1  2  3  4  5  6  7  8  9 10 11 12 13 14 15 16 |
---------------+-------------------------------------------------+-----
Crossbows      | 5 6 7 9 10 14 16 | 16.0
Fighting       | 3 5 8 10 11 | 11.4
Dodging        | 3 6 8 10 | 10.0
Evocations     | 5 10 | 10.0
Invocations    | 4 5 9 10 | 10.0
Armour         | 8 |  8.6
Air Magic      | 6 10 | 10.0
Summonings     | 5 10 | 10.0
Spellcasting   | 5 |  5.0
Stealth        | |  1.0

Action                   |  1- 3 |  4- 6 |  7- 9 | 10-12 | 13-15 | 16-18 || total
-------------------------+-------+-------+-------+-------+-------+-------++-------
Melee: Arbalest          |       |       |       |       |     1 |       ||     1
 Fire: Hand crossbow     |    91 |   242 |   494 |   552 |       |       ||  1379
       Arbalest          |       |       |       |   147 |   841 |    47 ||  1035
Throw: Throwing net      |       |       |     1 |       |       |       ||     1
 Cast: Summon Lightning  |       |       |       |       |     5 |       ||     5
Invok: Recall Ancestor   |       |       |     1 |    16 |    21 |       ||    38
       Ancestor Identity |       |       |     1 |     2 |     1 |       ||     4
       Ancestor Life: Kn |       |       |       |     1 |       |       ||     1
       Transference      |       |       |       |     2 |     1 |       ||     3
       Idealise          |       |       |       |     2 |    12 |       ||    14
Evoke: Wand              |       |       |     2 |    18 |     2 |       ||    22
       Phantom mirror    |       |       |       |     2 |     2 |       ||     4
       Lightning rod     |       |       |       |       |     7 |       ||     7
       Condenser vane    |       |       |       |       |     3 |       ||     3
  Use: Potion            |       |       |     2 |       |     2 |       ||     4
       Scroll            |       |       |    14 |    10 |     5 |       ||    29
Armor: Leather armour    |     8 |    17 |    67 |       |       |       ||    92
       Ring mail         |       |       |    13 |     5 |       |       ||    18
       Steam dragon scal |       |       |       |     5 |       |       ||     5
       Acid dragon scale |       |       |       |    10 |    48 |     4 ||    62
Dodge: Dodged            |    18 |    28 |   264 |   203 |   293 |     9 ||   815

Table legend: (Time is in decaauts)
 A = Elapsed time spent in this place.
 B = Non-inter-level travel time spent in this place.
 C = Inter-level travel time spent in this place.
 D = Time resting spent in this place.
 E = Time spent auto-exploring this place.
 F = Levels seen in this place.
 G = Mean time per level.
                   A        B        C        D        E       F      G
               +--------+--------+--------+--------+--------+-----+--------+
         Total |  27645 |  26199 |   1446 |   4147 |  13998 |  27 | 1023.9 |
       Dungeon |  16672 |  15780 |    892 |   1900 |   9744 |  15 | 1111.5 |
        Temple |    925 |    904 |     21 |    419 |    403 |   1 |  925.0 |
          Lair |   6480 |   6114 |    366 |   1078 |   3234 |   6 | 1080.0 |
         Swamp |    883 |    877 |      6 |    262 |     54 |   2 |  441.5 |
  Orcish Mines |   2180 |   2020 |    160 |    488 |    487 |   2 | 1090.0 |
        Bailey |    503 |    503 |      0 |      0 |     74 |   1 |  503.0 |
               +--------+--------+--------+--------+--------+-----+--------+

Top non-repeatable levels by time:
     D:5: 2191 daAuts
     D:3: 1661 daAuts
   Orc:2: 1554 daAuts
  Lair:1: 1528 daAuts
  Lair:6: 1463 daAuts
  Lair:2: 1305 daAuts
    D:15: 1284 daAuts
    D:12: 1154 daAuts
     D:4: 1136 daAuts
     D:8: 1116 daAuts
     D:7: 1044 daAuts
     D:6: 980 daAuts
    D:13: 964 daAuts
     D:2: 942 daAuts
     D:9: 934 daAuts
